 Dungeon Crawl Stone Soup version 0.18.1-8-gdd0e5ea (webtiles) character file.

151 zeroDi the Sneak (level 5, -9/26 HPs)
             Began as a Vine Stalker Assassin on June 4, 2016.
             Mangled by a crocodile (10 damage)
             ... in a sewer.
             The game lasted 00:04:29 (2270 turns).

zeroDi the Sneak (Vine Stalker Assassin)            Turns: 2270, Time: 00:04:29

Health: -9/26      AC:  4    Str: 13    XL:     5   Next: 33%
Magic:  0/6        EV: 11    Int: 11    God:
Gold:   161        SH:  0    Dex: 17    Spells: 0 memorised, 4 levels left

rFire  . . .     SeeInvis .     b - +0 blowgun
rCold  . . .     Gourm    .     c - +0 robe
rNeg   . . .     Faith    .     (no shield)
rPois  .         Spirit   +     z - +0 helmet
rElec  .         Dismiss  .     d - +0 cloak
rCorr  .         Reflect  .     (no gloves)
SustAt .         Harm     .     (no boots)
MR     .....                    (no amulet)
Stlth  +++.......               (no ring)
                                (no ring)

@: not resistant to hostile enchantments, fairly stealthy
A: fangs 2, regeneration 1, magic shield, antimagic bite, no device heal 3, rot
immunity
a: no special abilities


You were in a sewer.
You were not hungry.

You visited 1 branch of the dungeon, and saw 4 of its levels.
You also visited: Sewer.

You collected 161 gold pieces.


Innate Abilities, Weirdness & Mutations

You have extremely sharp teeth.
Your natural rate of healing is unusually fast.
When hurt, damage is shared between your health and your magic reserves.
Your bite disrupts and absorbs the magic of your enemies.
Potions and wands cannot restore your health.
You are immune to rotting.


   Skills:
 - Level 1.7 Fighting
 + Level 4.8 Short Blades
 - Level 1.7 Throwing
 - Level 0.7 Dodging
 - Level 4.8 Stealth


You had 4 spell levels left.
You didn't know any spells.

Inventory:

Hand Weapons
 a - a +2 dagger
 b - a +0 blowgun (weapon)
 o - a +1 mace of protection
Missiles
 e - 18 poisoned needles (quivered)
 k - 56 stones
 E - a throwing net {=f}
Armour
 c - a +0 robe (worn)
 d - a +0 cloak (worn)
 z - a +0 helmet (worn)
Jewellery
 p - an uncursed ring of resist corrosion {unknown}
 r - a cursed ring of teleportation {unknown}
 y - a +4 ring of protection {unknown}
 A - an uncursed ring of magical power {unknown}
 C - the ring of Tofiemul {rElec rC+ rN++ MR++ MP-9, unknown}
   (You found it on level 4 of the Dungeon)

   [ring of protection from cold]

   It protects you from cold.
   It insulates you from electricity.
   It greatly protects you from negative energy.
   It affects your resistance to hostile enchantments.
   It affects your magic capacity (-9).
Scrolls
 s - a scroll of teleportation {unknown}
 t - 5 scrolls of identify {unknown}
 u - a scroll of amnesia {unknown}
 v - a scroll of fear {unknown}
 w - a scroll of remove curse {unknown}
 x - a scroll of noise {unknown}
Potions
 i - a potion of heal wounds {unknown}
 j - a potion of invisibility {unknown}
 n - a potion of magic {unknown}
 q - 4 potions of curing {unknown}
 D - a potion of lignification {unknown}
Books
 B - Kikubaaqudgha's Compendium of Dark Arts
   (You found it on level 3 of the Dungeon)

   Spells                             Type                      Level
   a - Pain                           Necromancy                   1
Comestibles
 g - 4 bread rations
 h - 2 meat rations
 l - 6 fruits
 m - a royal jelly

Dungeon Overview and Level Annotations

Branches:
Dungeon (4/15)
 Temple: D:4-7

Altars:
Kikubaaqudgha
Makhleb
Nemelex Xobeh
Sif Muna
Vehumet

### ##.##
##.∩.##
##.....##
#...≈@..#
#..≈≈t..#
#.≈≈≈≈≈.#
#..≈≈≈..#
#...≈...#
##.....##
##..(##
##.## #.#


You could see a crocodile.


Message History

The crocodile bites you!
Ouch! That really hurt!
* * * LOW HITPOINT WARNING * * *
a - a +2 dagger (weapon)
b - a +0 blowgun (weapon)
The crocodile closely misses you.
Fire/throw which item? (* to show all) (? for menu, Esc to quit)
Press: ? - help, Shift-Dir - straight line, f/p - crocodile
Aim: a crocodile (water, moderately wounded)
You shoot a curare-tipped needle {=f}.
The curare-tipped needle {=f} barely misses the crocodile.
The crocodile bites you!
* * * LOW HITPOINT WARNING * * *
Firing (i - inventory. (,) - cycle):
e - 19 poisoned needles (quivered)
Press: ? - help, Shift-Dir - straight line, f/p - crocodile
Aim: a crocodile (water, moderately wounded)
You shoot a poisoned needle.
The poisoned needle closely misses the crocodile.
The crocodile bites you!
You die...

Action                   |  1- 3 |  4- 6 || total
-------------------------+-------+-------++-------
Melee: Dagger            |    70 |       ||    70
       Bite              |    29 |    20 ||    49
       Mace              |    54 |    82 ||   136
 Fire: Blowgun           |       |     8 ||     8
 Stab: Sleeping          |     7 |     6 ||    13
  Eat: Chunk             |       |     5 ||     5
Armor: Robe              |    45 |    36 ||    81
Dodge: Dodged            |    73 |    70 ||   143

Vault maps used:
D:1:      dpeg_arrival_ratfight, grunt_decor_one_mirror, minmay_liquid_box,
          hangedman_feature_mirror
D:2:      gammafunk_temple_overflow_pools, first_bread, st_stairs_4
D:3:      grunt_temple_overflow_magic_moments
D:4:      portal_sewer_entry_a, serial_shops, nicolae_shop_crystal
Sewer:    sewer_big_baddie

Notes
Turn   | Place    | Note
--------------------------------------------------------------
     0 | D:1      | zeroDi the Vine Stalker Assassin began the quest for the Orb.
     0 | D:1      | Reached XP level 1. HP: 11/11 MP: 2/2
    14 | D:1      | Reached skill level 2 in Short Blades
    23 | D:1      | Reached XP level 2. HP: 10/15 MP: 3/3
   276 | D:1      | Reached skill level 3 in Short Blades
   314 | D:1      | Reached XP level 3. HP: 18/18 MP: 4/4
   911 | D:2      | Reached XP level 4. HP: 23/23 MP: 5/5
   965 | D:2      | Reached skill level 4 in Short Blades
  1180 | D:2      | Found a burning altar of Makhleb.
  1180 | D:2      | Found a sparkling altar of Nemelex Xobeh.
  1907 | D:3      | Found a deep blue altar of Sif Muna.
  1908 | D:3      | Found an ancient bone altar of Kikubaaqudgha.
  1908 | D:3      | Found a radiant altar of Vehumet.
  1911 | D:3      | Identified Kikubaaqudgha's Compendium of Dark Arts
  2063 | D:4      | Reached XP level 5. HP: 26/26 MP: 6/6
  2113 | D:4      | Got an ancient iron ring
  2138 | D:4      | Found a glowing drain.
  2195 | Sewer    | Entered a sewer
  2244 | Sewer    | Noticed a crocodile
  2269 | Sewer    | HP: 1/26 [crocodile (6)]
  2270 | Sewer    | Mangled by a crocodile

Vanquished Creatures
  A hound skeleton (D:4)
  3 adders
  2 river rats (D:4)
  2 worms (D:2)
  3 dart slugs
  3 giant geckos
  An orc (D:3)
  2 ball pythons (D:4)
  12 bats
  6 giant cockroaches
  9 goblins
  10 hobgoblins
  3 kobolds
  4 giant newts
  18 rats
79 creatures vanquished.
